 Dungeon Crawl Stone Soup version 0.31-a0-210-gccc998df9b (webtiles) character file.

Game seed: 2335102263468126942

513 qw the Chopper (level 7, -3/43 HPs)
             Began as a Gargoyle Fighter on June 29, 2023.
             Was an Initiate of Okawaru.
             Engulfed by a cloud of flame (15 damage)
             ... on level 4 of the Dungeon.
             The game lasted 00:03:11 (4589 turns).

qw the Chopper (Gargoyle Fighter)                   Turns: 4589, Time: 00:03:12

Health: -3/43      AC: 17    Str: 22    XL:     7   Next: 19%
Magic:  7/7        EV:  9    Int:  8    God:    Okawaru [......]
Gold:   35         SH:  4    Dex:  9    Spells: 6/6 levels left

rFire   . . .        Y - +2 war axe
rCold   . . .        c - +0 buckler
rNeg    + . .        b - +0 scale mail
rPois   inf          (no helmet)
rElec   +            p - +0 cloak
rCorr   .            k - +0 pair of gloves
SInv    .            (no boots)
Will    .....        (no amulet) Stlth
                     e - +4 ring of protection
HPRegen 0.27/turn    (no ring)
MPRegen 0.10/turn

%: no passive effects
@: no status effects
A: sickness immunity, AC +4, negative energy resistance 1, electricity
resistance, torment resistance 1, petrification resistance
a: Renounce Religion


You were on level 4 of the Dungeon.
You worshipped Okawaru.
Okawaru was noncommittal.
You visited 2 branches of the dungeon, and saw 6 of its levels.

You collected 110 gold pieces.
You spent 75 gold pieces at shops.


Innate Abilities, Weirdness & Mutations

You are immune to sickness and miasma.
Your stone body is resilient. (AC +4)
You are immune to poison.
You resist negative energy. (rN+)
You are resistant to electric shocks. (rElec)
You are resistant to unholy torment.
You are immune to petrification.


   Skills:
 - Level 4.2 Fighting
 + Level 6.3 Axes
 - Level 3.2 Armour
 - Level 1.2 Dodging
 - Level 3.2 Shields


You had 6 spell levels left.
You didn't know any spells.
Your spell library was empty.

Inventory:

Hand Weapons
 h - a +2 hand axe of flaming
 Y - a +2 war axe (weapon)
Armour
 b - a +0 scale mail (worn)
 c - a +0 buckler (worn)
 k - a +0 pair of gloves (worn)
 p - a +0 cloak (worn)
Jewellery
 e - a +4 ring of protection (left hand)
Scrolls
 m - a scroll of identify
 q - a scroll of teleportation
Potions
 a - a potion of mutation
 d - a potion of might
 g - a potion of cancellation {unknown}
 i - a potion of haste {unknown}
 j - a potion of enlightenment {unknown}
 l - a potion of invisibility {unknown}
 n - a potion of resistance
 o - a potion of curing {unknown}
 s - a potion of magic {unknown}

Dungeon Overview and Level Annotations

Branches:
Dungeon (5/15)             Temple (1/1) D:4

Altars:
Ashenzari
Cheibriados
Elyvilon
Fedhas
Gozag
Hepliaklqana
Kikubaaqudgha
Makhleb
Nemelex Xobeh
Okawaru
Qazlal
Ru
Sif Muna
Trog
Uskayaw
Vehumet
Xom
Yredelemnul
Zin
The Shining One

Shops:
D:4 *

Annotations:
D:4 3 runed translucent doors, qw's ghost, amateur DEHu


Message History

Enter note:
Enter note:
Enter note:
Enter note:
Enter note:
Enter note:
Enter note:
Enter note:
Enter note:
Enter note:
Enter note:
Enter note:
Enter note:
Enter note:
Enter note:
Enter note:
Enter note:
Enter note:
Enter note:
Enter note:
Enter note:
Enter note:
Enter note:
Enter note:
Enter note:
Enter note:
Enter note:
Enter note:
Enter note:
Enter note:
Enter note:
Enter note:
Enter note: Really walk into that cloud of flame?
You are engulfed in blazing flames.
4588 ||| DRINKING potion of heal wounds.
You feel much better.
You are engulfed in blazing flames.
You are engulfed in blazing flames.
You die...

#######.........# ######.#......#
........#.####### #...######
#.#####.#...# ##########
###~~}#.###.# #...# ~~~~~~#.# #.#
#¤¤¤# ###~~~#.###.# #.0¤#
#.##~##...#.# #.00#
._%~~#...##.#######...##### #
#.##~##........0@¤.$...0¤¤.######
###~~~#...#.#..000.$...¤0¤.......
~~~~~~#......#.0¤0!.$..0¤¤.######
###~~}#.#.#########...#####
#.#####.#.##### #0¤0#
........#.....# #¤00#
#######.####### #¤00# #.##.# ...#
#....#


There were no monsters in sight!

Vanquished Creatures
  A phantom (D:4)
  A scorpion (D:4)
  A howler monkey (D:4)
  2 jellies (D:4)
  An orc priest (D:4)
  An iguana (D:4)
  5 orc wizards
  5 adders
  2 worms
  A dart slug (D:1)
  10 orcs
  5 endoplasms
  2 giant cockroaches (D:3)
  5 goblins
  4 hobgoblins
  6 quokkas
  5 ball pythons
  3 bats
  A frilled lizard (D:2)
  8 kobolds
  3 rats
72 creatures vanquished.

Vanquished Creatures (others)
  A hobgoblin (D:4)
1 creature vanquished.

Grand Total: 73 creatures vanquished

Notes
Turn   | Place    | Note
-------+----------+-------------------------------------------
     0 | D:1      | qw the Gargoyle Fighter began the quest for the Orb.
     0 | D:1      | Reached XP level 1. HP: 14/14 MP: 1/1
     0 | D:1      | 0 ||| qw: Version: 0.3-a-24-ga2abf7b
     0 | D:1      | 0 ||| qw: Game counter: 6787
     0 | D:1      | 0 ||| qw: Melee chars always use a shield: true
     0 | D:1      | 0 ||| qw: God list: Okawaru
     0 | D:1      | 0 ||| qw: Allow faded altars: false
     0 | D:1      | 0 ||| qw: Do Orc after clearing Dungeon:15 true
     0 | D:1      | 0 ||| qw: Do second Lair branch before Depths: true
     0 | D:1      | 0 ||| qw: Lair rune preference: random
     0 | D:1      | 0 ||| qw: Goals: Normal, Zot:1-4, Slime:5, God:TSO, Crypt,
                  | Tomb, Abyss, Pan, Hells, Win
     0 | D:1      | 0 ||| PLANNING D:1-11
    36 | D:1      | Reached skill level 2 in Axes
   179 | D:1      | Reached XP level 2. HP: 15/19 MP: 2/2
   212 | D:1      | 212 ||| DROPPING +0 club.
   277 | D:1      | 277 ||| Stepping ~*~*~tactically~*~*~ (hiding).
   459 | D:1      | Found a faded altar of an unknown god.
   764 | D:1      | 764 ||| Stepping ~*~*~tactically~*~*~ (hiding).
   765 | D:1      | 765 ||| Stepping ~*~*~tactically~*~*~ (hiding).
   952 | D:1      | 952 ||| UPGRADING to +0 pair of gloves.
   957 | D:1      | 957 ||| READING scroll labelled WERRYU BOKLUUGIS.
   958 | D:1      | 958 ||| READING scroll labelled XEFEPPY ANUAMU.
   959 | D:1      | 959 ||| READING 3 scrolls labelled QANNUR PIROA.
   960 | D:1      | 960 ||| DRINKING 2 viscous grey potions.
   961 | D:1      | 961 ||| DROPPING 2 scrolls of amnesia.
   962 | D:1      | 962 ||| DROPPING potion of degeneration.
  1022 | D:2      | Reached skill level 3 in Axes
  1042 | D:2      | 1042 ||| Stepping ~*~*~tactically~*~*~ (stealth).
  1107 | D:2      | Reached XP level 3. HP: 23/23 MP: 3/3
  1697 | D:2      | 1697 ||| READING scroll labelled PEANAU KIGOCLA.
  1698 | D:2      | 1698 ||| READING scroll labelled JIESEN SUMU.
  1770 | D:3      | 1770 ||| Stepping ~*~*~tactically~*~*~ (stealth).
  1810 | D:3      | You fall into a shaft and drop 2 floors!
  1810 | D:5      | Entered Level 5 of the Dungeon
  1828 | D:5      | Reached XP level 4. HP: 25/28 MP: 4/4
  1892 | D:5      | 1892 ||| UPGRADING to +4 ring of protection.
  1893 | D:5      | 1893 ||| READING scroll labelled VUOBBI BEHOF.
  1906 | D:4      | Reached skill level 4 in Axes
  1971 | D:4      | Found Iddedwycs's Assorted Antiques.
  1971 | D:4      | Noticed a scorpion
  1977 | D:4      | Killed a scorpion
  1978 | D:4      | Reached XP level 5. HP: 32/32 MP: 5/5
  1988 | D:4      | Reached skill level 5 in Axes
  2017 | D:4      | Reached XP level 6. HP: 20/38 MP: 6/6
  2039 | D:4      | HP: 8/38 [something/puff of flame (7)]
  2041 | D:4      | Reached skill level 1 in Dodging
  2127 | D:4      | 2127 ||| Stepping ~*~*~tactically~*~*~ (stealth).
  2130 | D:4      | 2130 ||| Stepping ~*~*~tactically~*~*~ (stealth).
  2156 | D:4      | 2156 ||| DROPPING +0 whip.
  2157 | D:4      | 2157 ||| READING scroll of enchant weapon.
  2157 | D:4      | 2157 ||| ENCHANTING +1 war axe.
  2160 | D:4      | 2160 ||| DROPPING +0 mace.
  2167 | D:4      | 2167 ||| BUYING brown potion (24 gold).
  2167 | D:4      | Bought a brown potion for 24 gold pieces
  2167 | D:4      | 2167 ||| BUYING dark potion (24 gold).
  2167 | D:4      | Bought a dark potion for 24 gold pieces
  2167 | D:4      | 2167 ||| SHOPLISTING pair of boots (121 gold, have 28).
  2167 | D:4      | 2167 ||| BUYING scroll labelled LIPUNEG LAPIEDGH (27 gold).
  2167 | D:4      | Bought a scroll labelled LIPUNEG LAPIEDGH for 27 gold
                  | pieces
  2167 | D:4      | 2167 ||| SHOPLISTING scroll labelled RIZUAG QEAFU (27 gold,
                  | have 1).
  2167 | D:4      | 2167 ||| SHOPLISTING shiny lead wand (108 gold, have 1).
  2167 | D:4      | 2167 ||| SHOPLISTING sparkling garnet amulet (135 gold,
                  | have 1).
  2202 | D:4      | Found a staircase to the Ecumenical Temple.
  2203 | D:4      | 2203 ||| PLANNING TEMPLE
  2203 | D:4      | 2203 ||| READING scroll labelled OSKANL FURUBBE.
  2204 | D:4      | 2204 ||| READING scroll labelled LIPUNEG LAPIEDGH.
  2248 | D:4      | 2248 ||| DRINKING 2 dark potions.
  2249 | D:4      | 2249 ||| Stepping randomly (stuck).
  2250 | D:4      | 2250 ||| Stepping randomly (stuck).
  2251 | D:4      | 2251 ||| Stepping randomly (stuck).
  2252 | D:4      | 2252 ||| Stepping randomly (stuck).
  2253 | D:4      | 2253 ||| Stepping randomly (stuck).
  2254 | D:4      | 2254 ||| Stepping randomly (stuck).
  2255 | D:4      | 2255 ||| Stepping randomly (stuck).
  2256 | D:4      | 2256 ||| Stepping randomly (stuck).
  2257 | D:4      | 2257 ||| Stepping randomly (stuck).
  2258 | D:4      | 2258 ||| Stepping randomly (stuck).
  2259 | D:4      | 2259 ||| Stepping randomly (stuck).
  2260 | D:4      | 2260 ||| Stepping randomly (stuck).
  2261 | D:4      | 2261 ||| Stepping randomly (stuck).
  2262 | D:4      | 2262 ||| Stepping randomly (stuck).
  2263 | D:4      | 2263 ||| Stepping randomly (stuck).
  2264 | D:4      | 2264 ||| Stepping randomly (stuck).
  2265 | D:4      | 2265 ||| Stepping randomly (stuck).
  2266 | D:4      | 2266 ||| Stepping randomly (stuck).
  2267 | D:4      | 2267 ||| Stepping randomly (stuck).
  2268 | D:4      | 2268 ||| Stepping randomly (stuck).
  2269 | D:4      | 2269 ||| Stepping randomly (stuck).
  2270 | D:4      | 2270 ||| Stepping randomly (stuck).
  2271 | D:4      | 2271 ||| Stepping randomly (stuck).
  2272 | D:4      | 2272 ||| Stepping randomly (stuck).
  2273 | D:4      | 2273 ||| Stepping randomly (stuck).
  2274 | D:4      | 2274 ||| Stepping randomly (stuck).
  2275 | D:4      | 2275 ||| Stepping randomly (stuck).
  2276 | D:4      | 2276 ||| Stepping randomly (stuck).
  2277 | D:4      | 2277 ||| Stepping randomly (stuck).
  2278 | D:4      | 2278 ||| Stepping randomly (stuck).
  2279 | D:4      | 2279 ||| Stepping randomly (stuck).
  2280 | D:4      | 2280 ||| Stepping randomly (stuck).
  2281 | D:4      | 2281 ||| Stepping randomly (stuck).
  2282 | D:4      | 2282 ||| Stepping randomly (stuck).
  2283 | D:4      | 2283 ||| Stepping randomly (stuck).
  2284 | D:4      | 2284 ||| Stepping randomly (stuck).
  2285 | D:4      | 2285 ||| Stepping randomly (stuck).
  2286 | D:4      | 2286 ||| Stepping randomly (stuck).
  2287 | D:4      | 2287 ||| Stepping randomly (stuck).
  2288 | D:4      | 2288 ||| Stepping randomly (stuck).
  2289 | D:4      | 2289 ||| Stepping randomly (stuck).
  2290 | D:4      | 2290 ||| Stepping randomly (stuck).
  2291 | D:4      | 2291 ||| Stepping randomly (stuck).
  2292 | D:4      | 2292 ||| Stepping randomly (stuck).
  2293 | D:4      | 2293 ||| Stepping randomly (stuck).
  2294 | D:4      | 2294 ||| Stepping randomly (stuck).
  2295 | D:4      | 2295 ||| Stepping randomly (stuck).
  2296 | D:4      | 2296 ||| Stepping randomly (stuck).
  2297 | D:4      | 2297 ||| Stepping randomly (stuck).
  2298 | D:4      | 2298 ||| Stepping randomly (stuck).
  2299 | D:4      | 2299 ||| Stepping randomly (stuck).
  2300 | D:4      | 2300 ||| Stepping randomly (stuck).
  2301 | D:4      | 2301 ||| Stepping randomly (stuck).
  2302 | D:4      | 2302 ||| Stepping randomly (stuck).
  2303 | D:4      | 2303 ||| Stepping randomly (stuck).
  2304 | D:4      | 2304 ||| Stepping randomly (stuck).
  2305 | D:4      | 2305 ||| Stepping randomly (stuck).
  2306 | D:4      | 2306 ||| Stepping randomly (stuck).
  2307 | D:4      | 2307 ||| Stepping randomly (stuck).
  2308 | D:4      | 2308 ||| Stepping randomly (stuck).
  2309 | D:4      | 2309 ||| Stepping randomly (stuck).
  2310 | D:4      | 2310 ||| Stepping randomly (stuck).
  2311 | D:4      | 2311 ||| Stepping randomly (stuck).
  2312 | D:4      | 2312 ||| Stepping randomly (stuck).
  2313 | D:4      | 2313 ||| Stepping randomly (stuck).
  2314 | D:4      | 2314 ||| Stepping randomly (stuck).
  2315 | D:4      | 2315 ||| Stepping randomly (stuck).
  2316 | D:4      | 2316 ||| Stepping randomly (stuck).
  2317 | D:4      | 2317 ||| Stepping randomly (stuck).
  2318 | D:4      | 2318 ||| Stepping randomly (stuck).
  2319 | D:4      | 2319 ||| Stepping randomly (stuck).
  2320 | D:4      | 2320 ||| Stepping randomly (stuck).
  2321 | D:4      | 2321 ||| Stepping randomly (stuck).
  2322 | D:4      | 2322 ||| Stepping randomly (stuck).
  2323 | D:4      | 2323 ||| Stepping randomly (stuck).
  2324 | D:4      | 2324 ||| Stepping randomly (stuck).
  2325 | D:4      | 2325 ||| Stepping randomly (stuck).
  2326 | D:4      | 2326 ||| Stepping randomly (stuck).
  2327 | D:4      | 2327 ||| Stepping randomly (stuck).
  2328 | D:4      | 2328 ||| Stepping randomly (stuck).
  2329 | D:4      | 2329 ||| Stepping randomly (stuck).
  2330 | D:4      | 2330 ||| Stepping randomly (stuck).
  2331 | D:4      | 2331 ||| Stepping randomly (stuck).
  2332 | D:4      | 2332 ||| Stepping randomly (stuck).
  2333 | D:4      | 2333 ||| Stepping randomly (stuck).
  2334 | D:4      | 2334 ||| Stepping randomly (stuck).
  2335 | D:4      | 2335 ||| Stepping randomly (stuck).
  2336 | D:4      | 2336 ||| Stepping randomly (stuck).
  2337 | D:4      | 2337 ||| Stepping randomly (stuck).
  2338 | D:4      | 2338 ||| Stepping randomly (stuck).
  2339 | D:4      | 2339 ||| Stepping randomly (stuck).
  2340 | D:4      | 2340 ||| Stepping randomly (stuck).
  2341 | D:4      | 2341 ||| Stepping randomly (stuck).
  2342 | D:4      | 2342 ||| Stepping randomly (stuck).
  2343 | D:4      | 2343 ||| Stepping randomly (stuck).
  2344 | D:4      | 2344 ||| Stepping randomly (stuck).
  2345 | D:4      | 2345 ||| Stepping randomly (stuck).
  2346 | D:4      | 2346 ||| Stepping randomly (stuck).
  2347 | D:4      | 2347 ||| Stepping randomly (stuck).
  2348 | D:4      | 2348 ||| Stepping randomly (stuck).
  2349 | D:4      | 2349 ||| Stepping randomly (stuck).
  2350 | D:4      | 2350 ||| Stepping randomly (stuck).
  2351 | D:4      | 2351 ||| Stepping randomly (stuck).
  2352 | D:4      | 2352 ||| Stepping randomly (stuck).
  2353 | D:4      | 2353 ||| Stepping randomly (stuck).
  2354 | D:4      | 2354 ||| Stepping randomly (stuck).
  2355 | D:4      | 2355 ||| Stepping randomly (stuck).
  2356 | D:4      | 2356 ||| Stepping randomly (stuck).
  2357 | D:4      | 2357 ||| Stepping randomly (stuck).
  2358 | D:4      | 2358 ||| Stepping randomly (stuck).
  2359 | D:4      | 2359 ||| Stepping randomly (stuck).
  2360 | D:4      | 2360 ||| Stepping randomly (stuck).
  2361 | D:4      | 2361 ||| Stepping randomly (stuck).
  2362 | D:4      | 2362 ||| Stepping randomly (stuck).
  2363 | D:4      | 2363 ||| Stepping randomly (stuck).
  2364 | D:4      | 2364 ||| Stepping randomly (stuck).
  2365 | D:4      | 2365 ||| Stepping randomly (stuck).
  2366 | D:4      | 2366 ||| Stepping randomly (stuck).
  2367 | D:4      | 2367 ||| Stepping randomly (stuck).
  2368 | D:4      | 2368 ||| Stepping randomly (stuck).
  2369 | D:4      | 2369 ||| Stepping randomly (stuck).
  2370 | D:4      | 2370 ||| Stepping randomly (stuck).
  2371 | D:4      | 2371 ||| Stepping randomly (stuck).
  2372 | D:4      | 2372 ||| Stepping randomly (stuck).
  2373 | D:4      | 2373 ||| Stepping randomly (stuck).
  2374 | D:4      | 2374 ||| Stepping randomly (stuck).
  2375 | D:4      | 2375 ||| Stepping randomly (stuck).
  2376 | D:4      | 2376 ||| Stepping randomly (stuck).
  2417 | D:4      | 2417 ||| READING scroll labelled VYZACIGHEU.
  2418 | D:4      | 2418 ||| DRINKING 2 amethyst potions.
  2432 | Temple   | Entered the Ecumenical Temple
  2437 | Temple   | 2437 ||| PLANNING OKAWARU WORSHIP
  2534 | Temple   | Became a worshipper of Warmaster Okawaru
  2535 | Temple   | 2535 ||| PLANNING D:1-11
  3253 | D:3      | 3253 ||| UPGRADING to +0 cloak.
  3258 | D:3      | 3258 ||| READING 2 scrolls of identify.
  3258 | D:3      | 3258 ||| IDENTIFYING fuming cyan potion
  3299 | D:4      | 3299 ||| DROPPING +1 war axe of pain.
  3375 | D:4      | Reached skill level 6 in Axes
  3375 | D:4      | Reached XP level 7. HP: 18/43 MP: 7/7
  3507 | D:4      | Found a runed translucent gate.
  3508 | D:4      | Found a runed translucent gate.
  3509 | D:4      | Found a runed translucent gate.
  3515 | D:4      | Noticed qw's ghost (amateur DEHu)
  3519 | D:4      | Identified the +6 ring mail "Fasiolum" {*Slow rPois SInv}
  3649 | D:4      | Found a stormy altar of Qazlal.
  3835 | D:4      | Found a snail-covered altar of Cheibriados.
  3836 | D:4      | 3836 ||| READING scroll labelled VISHRI AZXAOCK.
  4587 | D:4      | HP: 8/43 [something (13)]
  4588 | D:4      | 4588 ||| DRINKING potion of heal wounds.
  4589 | D:4      | Engulfed by a cloud of flame

Levels and vault maps discovered:
D:1:      dpeg_arrival_rooms_a, layout_basic,
          shapermc_ecumenical_altar_mp_urbaneastern, serial_bayou_pond_d,
          corexii_corridor_pit
D:2:      layout_loops_ring, nicolae_elevator_lobby_plus
D:3:      layout_basic
D:4:      layout_basic, cheibrodos_worm_habitat,
          nicolae_qazlal_scattered_showers, minmay_temple_entry_wispy,
          serial_shops, shop, biasface_ghost_orc_armoury, lemuel_flame_loot_1
D:5:      layout_loops_ring, wad_floor_pattern_1
Temple:   mainiacjoe_temple_coin_purse

Skill      XL: |  1  2  3  4  5  6 |
---------------+-------------------+-----
Axes           | 2 3 4 5 6 |  6.3
Fighting       | 4 |  4.2
Dodging        | 1 |  1.2
Armour         | |  3.2
Shields        | |  3.2

Action                     |  1- 3 |  4- 6 |  7- 9 || total
---------------------------+-------+-------+-------++-------
  Melee: War axe           |    93 |    99 |    20 ||   212
    Use: Scroll            |     5 |     6 |     1 ||    12
         Potion            |     1 |     2 |     1 ||     4
 Armour: Scale mail        |    37 |    74 |     6 ||   117
  Dodge: Dodged            |    35 |    34 |     7 ||    76
  Block: Buckler           |    17 |    15 |     4 ||    36

Table legend:
 A = Non-vault XP
 B = Vault XP
 C = Vault XP percentage of total XP
 D = Non-vault monster count
 E = Vault monster count
 F = Vault count percentage of total count
                 A         B        C        D         E       F
            +---------+---------+-------+---------+---------+-------
      Total |     728 |       5 |   0.7 |      71 |       1 |   1.4
            +---------+---------+-------+---------+---------+-------
        D:1 |      27 |       0 |   0.0 |      15 |       0 |   0.0
        D:2 |      45 |       0 |   0.0 |      14 |       0 |   0.0
        D:3 |     105 |       0 |   0.0 |      18 |       0 |   0.0
        D:4 |     538 |       5 |   0.9 |      23 |       1 |   4.2
        D:5 |      13 |       0 |   0.0 |       1 |       0 |   0.0
            +---------+---------+-------+---------+---------+-------
